TOP OF THE 1ST |
Columbus Jets batting - Pitching for Rochester Red Wings : RHP Al Dawson
|
Pitching: RHP Al Dawson
|
|
Batting: LHB Craig Brooks
|
0-0: Called Strike 0-1: Foul Ball, location: 2F 0-2: Ball 1-2: Ball 2-2: Foul Ball, location: 2F 2-2: Strikes out looking
|
Batting: RHB Greg Schultz
|
0-0: Called Strike 0-1: Ball 1-1: Fly out, F3 (Popup, 23F, EV 80.6 MPH)
|
Batting: RHB Danny Tartabull
|
0-0: Ball 1-0: Foul Ball, location: 2F 1-1: Foul Ball, location: 2F 1-2: Ball 2-2: Foul Ball, location: 2F 2-2: Ball 3-2: Ground out 6-3 (Groundball, 6M, EV 84.4 MPH)
|
Top of the 1st over - 0 runs, 0 hits, 0 errors, 0 left on base; Columbus 0 - Rochester 0 |
BOTTOM OF THE 1ST |
Rochester Red Wings batting - Pitching for Columbus Jets : RHP Darryl Banks
|
Pitching: RHP Darryl Banks
|
|
Batting: RHB Johnnie LeMaster
|
0-0: Ground out 4-3 (Groundball, 4, EV 107.5 MPH)
|
Batting: LHB Ed Amelung
|
0-0: Foul Ball, location: 2F 0-1: Ball 1-1: Ball 2-1: SINGLE (Line Drive, 8RS, EV 104.4 MPH)
|
Batting: SHB Jordan Ayala
|
0-0: Called Strike 0-1: Ball 1-1: Ball 2-1: Fly out, F8 (Flyball, 8RM, EV 89.4 MPH)
|
Batting: RHB Gerry Davis
|
0-0: Ball 1-0: Swinging Strike 1-1: Ball 2-1: Swinging Strike 2-2: Ball 3-2: Base on Balls Ed Amelung to second
|
Batting: RHB Joe Carter
|
0-0: Called Strike 0-1: Ball Wild Pitch! Ed Amelung to third Gerry Davis to second 1-1: Ball 2-1: Reached on error, E5 (Groundball, 56S, EV 81.3 MPH) Ed Amelung scores Gerry Davis to third
|
Batting: RHB Chris Johnston
|
0-0: Called Strike 0-1: Hit by Pitch Joe Carter to second
|
Batting: LHB Dave Falcone
|
0-0: Called Strike 0-1: Ball 1-1: Called Strike 1-2: Strikes out swinging
|
Bottom of the 1st over - 1 run, 1 hit, 1 error, 3 left on base; Columbus 0 - Rochester 1 |
TOP OF THE 2ND |
Columbus Jets batting - Pitching for Rochester Red Wings : RHP Al Dawson
|
Batting: LHB Larry Sheets
|
0-0: Ball 1-0: Ground out 4-3 (Groundball, 4, EV 92.5 MPH)
|
Batting: RHB Jim Maler
|
0-0: Ground out 6-3 (Groundball, 6, EV 89.4 MPH)
|
Batting: RHB Michael Ventress
|
0-0: Called Strike 0-1: Called Strike 0-2: Ball 1-2: Ball 2-2: Strikes out swinging
|
Top of the 2nd over - 0 runs, 0 hits, 0 errors, 0 left on base; Columbus 0 - Rochester 1 |
BOTTOM OF THE 2ND |
Rochester Red Wings batting - Pitching for Columbus Jets : RHP Darryl Banks
|
Batting: RHB Tom Brookens
|
0-0: Called Strike 0-1: Fly out, F9 (Flyball, 9S, EV 94.4 MPH)
|
Batting: RHB Jerry Dybzinski
|
0-0: Called Strike 0-1: Called Strike 0-2: Ball 1-2: Strikes out looking
|
Batting: RHB Johnnie LeMaster
|
0-0: Ball 1-0: Ball 2-0: Ground out 1-3 (Groundball, 23, EV 72.5 MPH)
|
Bottom of the 2nd over - 0 runs, 0 hits, 0 errors, 0 left on base; Columbus 0 - Rochester 1 |
TOP OF THE 3RD |
Columbus Jets batting - Pitching for Rochester Red Wings : RHP Al Dawson
|
Batting: RHB Glenn Goya
|
0-0: Called Strike 0-1: Ball 1-1: Ball 2-1: Called Strike 2-2: Ball 3-2: Foul Ball, location: 2F 3-2: Fly out, F9 (Flyball, 89S, EV 86.9 MPH)
|
Batting: RHB Ray Smith
|
0-0: Foul Ball, location: 2F 0-1: Ground out 6-3 (Groundball, 6MS, EV 61.3 MPH)
|
Batting: RHB Jackie Gutierrez
|
0-0: Ball 1-0: Ground out 5-3 (Groundball, 56S, EV 81.3 MPH)
|
Top of the 3rd over - 0 runs, 0 hits, 0 errors, 0 left on base; Columbus 0 - Rochester 1 |
BOTTOM OF THE 3RD |
Rochester Red Wings batting - Pitching for Columbus Jets : RHP Darryl Banks
|
Batting: LHB Ed Amelung
|
0-0: Called Strike 0-1: TRIPLE (Flyball, 89XD, EV 105.6 MPH)
|
Batting: SHB Jordan Ayala
|
0-0: Called Strike 0-1: Foul Ball, location: 2F 0-2: Ball 1-2: Foul Ball, location: 2F 1-2: Ball 2-2: SINGLE (Flyball, 34D, EV 94.4 MPH) Ed Amelung scores
|
Batting: RHB Gerry Davis
|
0-0: Ball Jordan Ayala steals 2nd base 1-0: Called Strike 1-1: Ball 2-1: Called Strike 2-2: Foul Ball, location: 2F 2-2: Foul Ball, location: 2F 2-2: Ball 3-2: Ground out 6-3 (Groundball, 6MD, EV 76.9 MPH) Jordan Ayala to third
|
Batting: RHB Joe Carter
|
0-0: Foul Ball, location: 2F 0-1: Ball 1-1: Ball 2-1: Ball 3-1: Fly out, F7 (Flyball, 7D, EV 97.5 MPH) Runner from 3rd tags up, SCORES, throw by LF
|
Batting: RHB Chris Johnston
|
0-0: Called Strike 0-1: Ball 1-1: Swinging Strike 1-2: Ball 2-2: Strikes out swinging
|
Bottom of the 3rd over - 2 runs, 2 hits, 0 errors, 0 left on base; Columbus 0 - Rochester 3 |
TOP OF THE 4TH |
Columbus Jets batting - Pitching for Rochester Red Wings : RHP Al Dawson
|
Batting: LHB Craig Brooks
|
0-0: Called Strike 0-1: Foul Ball, location: 2F 0-2: Fly out, F6 (Popup, 4MD, EV 45.0 MPH)
|
Batting: RHB Greg Schultz
|
0-0: Ball 1-0: Ball 2-0: Ball 3-0: Called Strike 3-1: Ground out 6-3 (Groundball, 6, EV 85.0 MPH)
|
Batting: RHB Danny Tartabull
|
0-0: Fly out, F7 (Flyball, 78S, EV 83.8 MPH)
|
Top of the 4th over - 0 runs, 0 hits, 0 errors, 0 left on base; Columbus 0 - Rochester 3 |
BOTTOM OF THE 4TH |
Rochester Red Wings batting - Pitching for Columbus Jets : RHP Darryl Banks
|
Batting: LHB Dave Falcone
|
0-0: Called Strike 0-1: Ball 1-1: Ball 2-1: Swinging Strike 2-2: Foul Ball, location: 2F 2-2: Ball 3-2: SINGLE (Groundball, 4MD, EV 96.9 MPH)
|
Batting: RHB Tom Brookens
|
0-0: Ball 1-0: Ball 2-0: Ball 3-0: Base on Balls Dave Falcone to second
|
Batting: RHB Jerry Dybzinski
|
0-0: Fly out, F9 (Flyball, 89S, EV 86.3 MPH)
|
Batting: RHB Johnnie LeMaster
|
0-0: Foul Ball, location: 2F 0-1: Called Strike 0-2: Ball 1-2: Ball 2-2: Foul Ball, location: 2F 2-2: SINGLE (Line Drive, 8LS, EV 99.4 MPH) Dave Falcone to third Tom Brookens to second Runner from 3rd tries for Home, SAFE, throw by CF to home
|
Batting: LHB Ed Amelung
|
0-0: Fielders Choice at 2nd, 5-4 (Groundball, 5, EV 90.0 MPH) Tom Brookens to third
|
Batting: SHB Jordan Ayala
|
0-0: Ball 1-0: Foul Ball, location: 2F 1-1: Fly out, F6 (Popup, 6MD, EV 57.5 MPH)
|
Bottom of the 4th over - 1 run, 2 hits, 0 errors, 2 left on base; Columbus 0 - Rochester 4 |
TOP OF THE 5TH |
Columbus Jets batting - Pitching for Rochester Red Wings : RHP Al Dawson
|
Batting: LHB Larry Sheets
|
0-0: Ground out U3 (Groundball, 34, EV 109.4 MPH)
|
Batting: RHB Jim Maler
|
0-0: Ball 1-0: Ball 2-0: Ball 3-0: Called Strike 3-1: Foul Ball, location: 2F 3-2: Base on Balls
|
Batting: RHB Michael Ventress
|
0-0: Called Strike 0-1: Ball 1-1: Ball 2-1: SINGLE (Line Drive, 89M, EV 91.3 MPH) Jim Maler to second Runner from 2nd tries for 3rd, SAFE, throw by CF made to third
|
Batting: RHB Glenn Goya
|
0-0: Ball 1-0: Fly out, F7 (Line Drive, 7D, EV 89.4 MPH) Runner from 3rd tags up, SCORES, no throw by LF
|
Batting: RHB Ray Smith
|
0-0: Ball 1-0: Ball 2-0: Ball 3-0: Base on Balls Michael Ventress to second
|
Batting: RHB Jackie Gutierrez
|
0-0: Ground out 4-3 (Groundball, 4, EV 91.3 MPH)
|
Top of the 5th over - 1 run, 1 hit, 0 errors, 2 left on base; Columbus 1 - Rochester 4 |
BOTTOM OF THE 5TH |
Rochester Red Wings batting - Pitching for Columbus Jets : RHP Darryl Banks
|
Batting: RHB Gerry Davis
|
0-0: Ball 1-0: Foul Ball, location: 2F 1-1: Fly out, F9 (Flyball, 89M, EV 81.9 MPH)
|
Batting: RHB Joe Carter
|
0-0: Foul Ball, location: 2F 0-1: Ground out 4-3 (Groundball, 4, EV 84.4 MPH)
|
Batting: RHB Chris Johnston
|
0-0: Ball 1-0: Ball 2-0: Foul Ball, location: 2F 2-1: Ground out 6-3 (Groundball, 6, EV 82.5 MPH)
|
Bottom of the 5th over - 0 runs, 0 hits, 0 errors, 0 left on base; Columbus 1 - Rochester 4 |
TOP OF THE 6TH |
Columbus Jets batting - Pitching for Rochester Red Wings : RHP Al Dawson
|
Batting: LHB Craig Brooks
|
0-0: Foul Ball, location: 2F 0-1: Ball 1-1: Swinging Strike 1-2: Ball 2-2: Strikes out swinging
|
Batting: RHB Greg Schultz
|
0-0: Called Strike 0-1: Foul Ball, location: 2F 0-2: Ball 1-2: Strikes out swinging, 2-3 out at first.
|
Batting: RHB Danny Tartabull
|
0-0: Ball 1-0: Fly out, F8 (Flyball, 89XD, EV 106.3 MPH)
|
Top of the 6th over - 0 runs, 0 hits, 0 errors, 0 left on base; Columbus 1 - Rochester 4 |
BOTTOM OF THE 6TH |
Rochester Red Wings batting - Pitching for Columbus Jets : RHP Darryl Banks
|
Batting: LHB Dave Falcone
|
0-0: Ground out 6-3 (Groundball, 6M, EV 83.8 MPH)
|
Batting: RHB Tom Brookens
|
0-0: Ball 1-0: Ball 2-0: Called Strike 2-1: Ball 3-1: Swinging Strike 3-2: Foul Ball, location: 2F 3-2: Foul Ball, location: 2F 3-2: Foul Ball, location: 2F 3-2: Strikes out swinging
|
Batting: RHB Jerry Dybzinski
|
0-0: Ball 1-0: Called Strike 1-1: Ball 2-1: Ground out 4-3 (Groundball, 4M, EV 109.4 MPH)
|
Bottom of the 6th over - 0 runs, 0 hits, 0 errors, 0 left on base; Columbus 1 - Rochester 4 |
TOP OF THE 7TH |
Columbus Jets batting - Pitching for Rochester Red Wings : RHP Al Dawson
|
Batting: LHB Larry Sheets
|
0-0: Ground out 6-3 (Groundball, 6S, EV 91.9 MPH)
|
Batting: RHB Jim Maler
|
0-0: Ball 1-0: Ball 2-0: Called Strike 2-1: Called Strike 2-2: Strikes out swinging
|
Batting: RHB Michael Ventress
|
0-0: Ball 1-0: Fly out, F7 (Flyball, 7LD, EV 79.4 MPH)
|
Top of the 7th over - 0 runs, 0 hits, 0 errors, 0 left on base; Columbus 1 - Rochester 4 |
BOTTOM OF THE 7TH |
Rochester Red Wings batting - Pitching for Columbus Jets : RHP Darryl Banks
|
Batting: RHB Johnnie LeMaster
|
0-0: Foul Ball, location: 2F 0-1: Foul Ball, location: 2F 0-2: Foul Ball, location: 2F 0-2: SINGLE (Groundball, 56, EV 111.3 MPH)
|
Batting: LHB Ed Amelung
|
0-0: Ball 1-0: Ball Johnnie LeMaster steals 2nd, throwing error, E2 Johnnie LeMaster to third 2-0: SINGLE (Groundball, 4MD, EV 96.9 MPH) Johnnie LeMaster scores
|
Pitching: RHP Freddy Laro
|
|
Batting: SHB Jordan Ayala
|
0-0: Ball 1-0: Fly out, F8 (Flyball, 8RXD, EV 101.3 MPH) Runner from 1st tags up, SAFE at 2nd
|
Batting: RHB Gerry Davis
|
0-0: Intentional Walk
|
Batting: RHB Joe Carter
|
0-0: Fielders Choice at 2nd, 2-4 (Groundball, 2L, EV 65.0 MPH) Ed Amelung to third
|
Batting: RHB Chris Johnston
|
0-0: Ball 1-0: Foul Ball, location: 2F 1-1: Foul Ball, location: 2F 1-2: Ball 2-2: Fly out, F7 (Flyball, 7D, EV 101.9 MPH)
|
Bottom of the 7th over - 1 run, 2 hits, 1 error, 2 left on base; Columbus 1 - Rochester 5 |
TOP OF THE 8TH |
Columbus Jets batting - Pitching for Rochester Red Wings : RHP Al Dawson
|
Batting: RHB Glenn Goya
|
0-0: Ball 1-0: Called Strike 1-1: Foul Ball, location: 2F 1-2: Strikes out swinging
|
Batting: RHB Ray Smith
|
0-0: Called Strike 0-1: Ground out 4-3 (Groundball, 4, EV 106.3 MPH)
|
Batting: RHB Jackie Gutierrez
|
0-0: Called Strike 0-1: Foul Ball, location: 2F 0-2: Ball 1-2: Ball 2-2: Ball 3-2: Base on Balls
|
Batting: LHB Craig Brooks
|
0-0: Ball 1-0: Foul Ball, location: 2F 1-1: Ball 2-1: Swinging Strike 2-2: Strikes out swinging
|
Top of the 8th over - 0 runs, 0 hits, 0 errors, 1 left on base; Columbus 1 - Rochester 5 |
BOTTOM OF THE 8TH |
Rochester Red Wings batting - Pitching for Columbus Jets : RHP Freddy Laro
|
Batting: LHB Dave Falcone
|
0-0: Swinging Strike 0-1: Swinging Strike 0-2: Strikes out swinging
|
Batting: RHB Tom Brookens
|
0-0: Ball 1-0: Ball 2-0: Called Strike 2-1: Swinging Strike 2-2: Foul Ball, location: 2F 2-2: Foul Ball, location: 2F 2-2: SINGLE (Line Drive, 78S, EV 103.1 MPH)
|
Batting: RHB Jerry Dybzinski
|
0-0: Called Strike 0-1: Foul Ball, location: 2F 0-2: Strikes out swinging
|
Batting: RHB Johnnie LeMaster
|
0-0: Called Strike Tom Brookens steals 2nd base 0-1: Called Strike 0-2: Ball 1-2: Strikes out swinging
|
Bottom of the 8th over - 0 runs, 1 hit, 0 errors, 1 left on base; Columbus 1 - Rochester 5 |
TOP OF THE 9TH |
Columbus Jets batting - Pitching for Rochester Red Wings : RHP Al Dawson
|
Batting: RHB Greg Schultz
|
0-0: Ball 1-0: Foul Ball, location: 2F 1-1: Foul Ball, location: 2F 1-2: Ball 2-2: Ball 3-2: Foul Ball, location: 2F 3-2: Ground out 6-3 (Groundball, 6, EV 81.9 MPH)
|
Batting: RHB Danny Tartabull
|
0-0: Ball 1-0: Called Strike 1-1: Ball 2-1: Foul Ball, location: 2F 2-2: Ground out 4-3 (Groundball, 4, EV 85.6 MPH)
|
Batting: LHB Larry Sheets
|
0-0: Ball 1-0: Ball 2-0: Called Strike 2-1: Swinging Strike 2-2: Ball 3-2: Strikes out swinging
|
Top of the 9th over - 0 runs, 0 hits, 0 errors, 0 left on base; Columbus 1 - Rochester 5 |
|